 Seeded DCSS version 0.29.1-15-g9cfb28693d (webtiles) character file.

Game seed: 12690910291003819321 (custom seed)

1128 Gelion the Covert (level 8, -3/48 HPs)
             Began as a Kobold Brigand on Apr 27, 2023.
             Splashed by a jelly's acid (8 damage)
             ... on level 6 of the Dungeon.
             The game lasted 00:11:24 (7412 turns).

Gelion the Covert (Kobold Brigand)                  Turns: 7412, Time: 00:11:25

Health: -3/48      AC: -12   Str:  8    XL:     8   Next: 62%
Magic:  0/8        EV: 16    Int: 12    God:
Gold:   441        SH:  0    Dex: 19    Spells: 7/7 levels left

rFire   . . .      SeeInvis +   a - +2 dagger
rCold   . . .      Faith    .   (no shield)
rNeg    . . .      Spirit   +   j - +5 robe of Night {Dark Will+ SInv}
rPois   .          Reflect  .   (no helmet)
rElec   .          Harm     .   c - +0 cloak
rCorr   .          Rampage  .   (no gloves)
Will    +....                   (no boots)
Stlth   +++++.....              f - amulet of guardian spirit
HPRegen 0.16/turn               (no ring)
MPRegen 0.11/turn               (no ring)

@: mighty, corroded
A: small, no large weapons, nightstalker 3
a: no special abilities


You were on level 6 of the Dungeon.
You visited 1 branch of the dungeon, and saw 6 of its levels.

You collected 441 gold pieces.

Inventory:

Hand Weapons
 a - a +2 dagger (weapon)
Missiles
 d - 13 poisoned darts (quivered)
 e - 3 curare-tipped darts
Armour
 b - a +0 robe
 c - a +0 cloak (worn)
 j - the +5 robe of Night (worn) {Dark Will+ SInv}
   (You found it on level 2 of the Dungeon)

   It shrouds the wearer in darkness, reducing the range at which they can see
   and be seen by others.
   SInv:      It lets you see invisible.
   Will:      It increases your willpower.
Jewellery
 f - an amulet of guardian spirit (around neck)
 k - a ring of wizardry
Wands
 n - a wand of light (8)
 u - a wand of polymorph (11)
Scrolls
 l - a scroll of amnesia {unknown}
 m - 3 scrolls of teleportation {unknown}
 o - 2 scrolls of blinking
 p - 3 scrolls of noise {unknown}
 q - a scroll of brand weapon {unknown}
 t - a scroll of fog {unknown}
 v - a scroll of identify {unknown}
Potions
 h - a potion of mutation {unknown}
 i - a potion of curing
 r - a potion of resistance {unknown}
 s - a potion of might


   Skills:
 + Level 4.6 Fighting
 * Level 7.2 Short Blades
 + Level 4.4 Throwing
 + Level 4.2 Dodging
 * Level 9.1 Stealth


You had 7 spell levels left.
You didn't know any spells.
Your spell library contained the following spells:

 Spells                   Type           Power      Damage    Failure   Level
 Apportation              Tloc           0%         N/A       32%         1
 Necrotise                Necr           0%         1d4       32%         1
 Summon Small Mammal      Summ           0%         N/A       32%         1
 Static Discharge         Conj/Air       0%         3-3/arc   45%         2
 Dispel Undead            Necr           0%         3d6       97%         4
 Sticky Flame             Conj/Fire      0%         2d3       97%         4


Dungeon Overview and Level Annotations

Branches:
Dungeon (6/15)             Temple (0/1) D:6

Altars:
Dithmenos
Elyvilon
Gozag
Makhleb
Nemelex Xobeh
Sif Muna
Xom

Shops:
D:6 !


Innate Abilities, Weirdness & Mutations

You are small and have problems with some larger weapons.
You are completely attuned to the shadows.


Message History

The jelly is lightly wounded.
You hit the jelly. The acid corrodes you!
Your hands burn!
The jelly is lightly wounded.
The jelly hits you. The acid corrodes you!
You are splashed with acid!
You hit the jelly but do no damage.
Your hands burn!
The jelly is lightly wounded.
The jelly hits you.
You are splashed with acid.
You are too injured to fight recklessly!
Blink to where?
Press: ? - help, Dir - move target
As you read the scroll labelled MURRUS AKEST, it crumbles to dust.
It was a scroll of blinking.
You are confused.
You feel invigorated. The jelly hits you.
You are splashed with acid!
* * * LOW HITPOINT WARNING * * *
It was a potion of curing.
You feel better.
You feel less invigorated. The jelly misses you.
It was a potion of might.
You feel very mighty all of a sudden. The jelly barely misses you.
You hit the jelly.
Your hands burn!
The jelly is moderately wounded.
You hit the jelly. The acid corrodes you!
Your hands burn!
The jelly is moderately wounded.
The jelly hits you. The acid corrodes you!
You are splashed with acid!
You puncture the jelly!
Your hands burn!
The jelly is heavily wounded.
The jelly attacks as you move away! The jelly hits you.
* * * LOW HITPOINT WARNING * * *
The acid corrodes you!
You are splashed with acid!
* * * LOW HITPOINT WARNING * * *
There is a fountain of clear blue water here.
Blink to where?
Press: ? - help, Dir - move target
As you read the scroll of blinking, it crumbles to dust.
You can't go up here!
The jelly hits you.
* * * LOW HITPOINT WARNING * * *
The acid corrodes you!
You are splashed with acid!
You die...

##..# ###.###
##...## ##..#
......### ##.##
....#
###.#...#######.#
##.##
#.#<#.##...##^#
#.#
#.###...###.#.##
#.# #.).# #....##
#.#
####...###.....#
#.#
##.........#...##
##.#
...⌠.J@..⌠.##.####
...#
##................
####
####...#####.####
#.⌠.# #.# #...#
#.# #.#### #.#
#....# #.# ####.#
#.# #.# #.#


You could see a jelly.

Vanquished Creatures
  A steam dragon (D:6)
  Menkaure (D:6)
  An ogre (D:6)
  2 phantoms (D:5)
  A necrophage (D:4)
  A scorpion (D:4)
  The ghost of hawla the Firebug, a weakling MeFE (D:4)
  A howler monkey (D:5)
  2 hounds (D:6)
  2 orc priests
  2 orc wizards (D:4)
  2 iguanas
  3 gnolls
  7 adders
  A white imp (D:5)
  An ufetubus (D:5)
  7 worms
  3 dart slugs
  15 orcs
  8 ball pythons
  6 bats
  11 endoplasms
  A giant cockroach (D:4)
  4 goblins
  5 hobgoblins
  6 jackals (D:3)
  6 kobolds
  2 quokkas (D:1)
  A frilled lizard (D:1)
  6 rats
110 creatures vanquished.

Notes
Turn   | Place    | Note
-------+----------+-------------------------------------------
     0 | D:1      | Gelion the Kobold Brigand began the quest for the Orb.
     0 | D:1      | Reached XP level 1. HP: 12/12 MP: 1/1
   162 | D:1      | Reached XP level 2. HP: 17/17 MP: 2/2
   440 | D:1      | Reached XP level 3. HP: 19/22 MP: 3/3
  1211 | D:2      | Found the +5 robe of Night {Dark Will+ SInv}
  1395 | D:2      | Found a faded altar of an unknown god.
  1474 | D:2      | Reached skill level 6 in Stealth
  1474 | D:2      | Reached XP level 4. HP: 27/27 MP: 4/4
  1753 | D:2      | Found an opulent altar of Gozag.
  1891 | D:2      | Reached XP level 5. HP: 27/32 MP: 3/5
  2534 | D:3      | Found a white marble altar of Elyvilon.
  2536 | D:3      | Found a shadowy altar of Dithmenos.
  2536 | D:3      | Found a burning altar of Makhleb.
  2809 | D:3      | HP: 1/32 [worm (6)]
  3515 | D:4      | Reached XP level 6. HP: 37/37 MP: 6/6
  3773 | D:4      | Reached skill level 7 in Stealth
  3924 | D:4      | Found a runed translucent door.
  4057 | D:4      | Reached skill level 5 in Short Blades
  4218 | D:4      | Found a sparkling altar of Nemelex Xobeh.
  4526 | D:4      | Found a shimmering blue altar of Sif Muna.
  4851 | D:4      | Noticed hawla's ghost (weakling MeFE)
  4871 | D:4      | Killed hawla's ghost
  4872 | D:4      | Reached XP level 7. HP: 39/41 MP: 7/7
  4909 | D:5      | Entered Level 5 of the Dungeon
  5545 | D:5      | Reached skill level 8 in Stealth
  6575 | D:6      | Reached XP level 8. HP: 36/48 MP: 5/8
  6745 | D:6      | Found a staircase to the Ecumenical Temple.
  7030 | D:6      | Noticed Menkaure
  7034 | D:6      | Killed Menkaure
  7078 | D:6      | Found a shimmering altar of Xom.
  7209 | D:6      | Reached skill level 9 in Stealth
  7317 | D:6      | Found Zimofi's Distillery.
  7412 | D:6      | Splashed by a jelly's acid

Illustrated notes

Levels and vault maps discovered:
D:1:      lemuel_arrival_lava_pool, layout_basic
D:2:      cheibrodos_pilgrimage, layout_basic, basic_altar,
          hellmonk_ecumenical_altar_arch_garden
D:3:      layout_loops_ring, chequers_temple_overflow_statue_of_worship,
          kennysheep_nondescript, minmay_crystal_water, nicolae_wormholes
D:4:      layout_gridville, nemelex_dance_club_becter, lemuel_round_altar,
          ebering_ghost_reflecting_pool
D:5:      layout_cave_pools
D:6:      layout_loops_corners, amcnicky_altar_gilded,
          minmay_temple_entry_junction, serial_shops, kennysheep_mini_moat,
          uniq_menkaure

Skill      XL: |  1  2  3  4  5  6  7  8 |
---------------+-------------------------+-----
Short Blades   | 3 4 5 6 7 |  7.2
Stealth        | 6 7 8 9 |  9.1
Dodging        | 2 3 4 |  4.2
Throwing       | 3 4 |  4.4
Fighting       | 3 4 |  4.6

Action                   |  1- 3 |  4- 6 |  7- 9 || total
-------------------------+-------+-------+-------++-------
Melee: Dagger            |    77 |   262 |   228 ||   567
       Punch             |       |     2 |     3 ||     5
  Use: Potion            |       |     1 |     3 ||     4
       Scroll            |       |       |     2 ||     2
 Stab: Sleeping          |    11 |    24 |     7 ||    42
Armor: Robe              |    15 |    50 |    56 ||   121
Dodge: Dodged            |    40 |   114 |   114 ||   268
